 Dungeon Crawl Stone Soup version 0.29-a0-319-gad05b8d819 (webtiles) character file.

Game seed: 7184814404984459018

4 Flugslaktarn the Vexing (level 1, 0/16 HPs)
             Began as a Palentonga Enchanter on Apr 2, 2022.
             Slain by a kobold
             ... wielding a +0 whip
              (5 damage)
             ... on level 1 of the Dungeon.
             The game lasted 00:00:44 (83 turns).

Flugslaktarn the Vexing (Palentonga Enchanter)        Turns: 83, Time: 00:00:45

Health: 0/16       AC:  4    Str: 11    XL:     1   Next: 58%
Magic:  3/3        EV:  9    Int: 15    God:
Gold:   0          SH:  0    Dex: 10    Spells: 4/4 levels left

rFire   . . .      SeeInvis +   a - +1 dagger
rCold   . . .      Faith    .   (no shield)
rNeg    . . .      Spirit   .   b - +0 robe
rPois   .          Reflect  .   (no helmet)
rElec   .          Harm     .   (no cloak)
rCorr   .          Rampage  .   (no gloves)
Will    .....                   (no barding)
Stlth   ++........              (no amulet)
HPRegen 0.05/turn               (no ring)
MPRegen 0.08/turn               (no ring)

@: no status effects
A: large, rugged brown scales 3, see invisible, deformed body, roll 1, armoured
tail
a: Rolling Charge


You were on level 1 of the Dungeon.
You visited 1 branch of the dungeon, and saw 1 of its levels.

Inventory:

Hand Weapons
 a - a +1 dagger (weapon)
Armour
 b - a +0 robe (worn)
Scrolls
 d - a scroll of enchant armour {unknown}
Potions
 c - 2 potions of invisibility
 e - a potion of mutation {unknown}


   Skills:
 + Level 1.2 Fighting
 - Level 1.0 Short Blades
 - Level 1.5 Dodging
 - Level 2.0 Stealth
 - Level 2.0 Spellcasting
 - Level 3.0 Hexes


You had 4 spell levels left.
You didn't know any spells.
Your spell library contained the following spells:

 Spells                   Type           Power      Damage    Failure   Level
 Ensorcelled Hibernation  Hex/Ice        12%        N/A       19%         2
 Confusing Touch          Hex            10%        N/A       19%         3
 Tukima's Dance           Hex            10%        N/A       19%         3
 Dazzling Flash           Conj/Hex       12%        N/A       34%         3


Dungeon Overview and Level Annotations

Branches:
Dungeon (1/15)

Altars:


Innate Abilities, Weirdness & Mutations

You are completely covered in rugged brown scales. (AC +3, +7% HP)
You have supernaturally acute eyesight. (SInv)
Armour fits poorly on your strangely shaped body.
You can roll at nearby foes to attack.
You have a long armoured tail.


Message History

Welcome, Flugslaktarn the Palentonga Enchanter.
The heart of this dungeon contains the majestic artefact, the Orb of Zot.
Press ? for a list of commands and other information.
Found an escape hatch in the floor.
Found a staircase leading out of the dungeon.
There is a dry fountain here.
A goblin comes into view. It is wielding a +0 dagger.
Found a scroll labelled TUWURPH HOSYDGH.
The helpless goblin fails to defend itself.
You puncture the goblin!
You kill the goblin!
A rat comes into view.
Found 26 stones.
Roll where?
Press: ? - help, Dir - move target, f - rat
Aim: a rat You roll forward with a clatter of scales!
You hit the rat.
The rat is heavily wounded.
The rat bites you but does no damage.
You closely miss the rat.
The rat is heavily wounded.
You hit the rat but do no damage.
The rat is heavily wounded.
The rat bites you.
You barely miss the rat.
The rat is heavily wounded.
The rat bites you but does no damage.
You hit the rat.
You kill the rat!
d - a scroll labelled TUWURPH HOSYDGH A goblin comes into view.
It is wielding a +0 club.
Found a murky red potion.
Found a stone staircase leading down.
You see here a murky red potion.
e - a murky red potion The goblin shouts!
The goblin hits you but does no damage.
You barely miss the goblin. The goblin hits you with a +0 club.
An endoplasm comes into view.
You closely miss the goblin.
The endoplasm quivers.
The goblin hits you with a +0 club.
You are too injured to fight recklessly!
You hit the goblin.
The goblin is heavily wounded.
The goblin hits you with a +0 club.
You barely miss the goblin.
The goblin is heavily wounded.
The goblin barely misses you. The endoplasm barely misses you.
You hit the goblin.
You kill the goblin!
Your Fighting skill increases to level 1!
You hit the endoplasm.
Your tail-slap misses the endoplasm.
The endoplasm is heavily wounded.
The endoplasm freezes you.
You are frozen.
* * * LOW HITPOINT WARNING * * *
Unknown command.
You hit the endoplasm.
You kill the endoplasm!
Unknown command.
Things that are here:
a +0 club; a goblin corpse You open the door.
A kobold comes into view. It is wielding a +0 whip.
There's nothing you can charge at!
Unknown command.
A goblin comes into view. It is wielding a +0 club.
The kobold shouts!
A quokka comes into view.
There is an open door here.
Roll where?
Press: ? - help, Dir - move target, f - kobold
Aim: a kobold, wielding a +0 whip
Okay, then.
You miss the kobold. You tail-slap the kobold.
The kobold is severely wounded.
The kobold barely misses you.
You hit the kobold but do no damage.
The kobold is severely wounded.
The kobold hits you but does no damage.
You barely miss the kobold.
The kobold is severely wounded.
The kobold barely misses you.
You barely miss the kobold.
Your tail-slap misses the kobold.
The kobold is severely wounded.
The kobold hits you with a +0 whip.
You die...

#..........r.....##
#....####.........#
#.......+.........+
#.....###.........#
#.#.#.# ........#
#.###.# #.....#
#.###.###.##.r.#
#.........###K#####
#####.#####.@.....#
#.# #.#.###.## #.#
#.#......#
#.#####....##..###
#.....)...........
#######..>.##..##.
#.#..# ....
#....... ##.
####.###


You could see a quokka and a kobold.

Vanquished Creatures
  An endoplasm (D:1)
  2 goblins (D:1)
  A rat (D:1)
4 creatures vanquished.

Notes
Turn   | Place    | Note
-------+----------+-------------------------------------------
     0 | D:1      | Flugslaktarn the Palentonga Enchanter began the quest for
                  | the Orb.
     0 | D:1      | Reached XP level 1. HP: 13/13 MP: 3/3
    64 | D:1      | Reached skill level 1 in Fighting
    83 | D:1      | Slain by a kobold

Illustrated notes

Levels and vault maps discovered:
D:1:      wander_arrival_desolate, layout_loops_corners, serial_shops,
          nicolae_diamond_shop, hellmonk_ecumenical_altar_crossroads

Skill      XL: |  1 |
---------------+----+-----
Fighting       | 1 |  1.2
Short Blades   | |  1.0
Dodging        | |  1.5
Stealth        | |  2.0
Spellcasting   | |  2.0
Hexes          | |  3.0

Action                   || total
-------------------------++-------
Melee: Dagger            ||    17
       Tailslap          ||     1
 Abil: Rolling Charge    ||     1
 Stab: Sleeping          ||     1
Armor: Robe              ||     4
Dodge: Dodged            ||     4

Table legend: (Time is in decaauts)
 A = Elapsed time spent in this place.
 B = Non-inter-level travel time spent in this place.
 C = Inter-level travel time spent in this place.
 D = Time resting spent in this place.
 E = Time spent auto-exploring this place.
 F = Levels seen in this place.
 G = Mean time per level.
                   A        B        C        D        E       F      G
               +--------+--------+--------+--------+--------+-----+--------+
         Total |     82 |     82 |      0 |      0 |      0 |   1 |   82.0 |
       Dungeon |     82 |     82 |      0 |      0 |      0 |   1 |   82.0 |
               +--------+--------+--------+--------+--------+-----+--------+

Top non-repeatable levels by time:
     D:1: 82 daAuts
